Map: Orbital Shipyard

Players

LiquidBunny (Bunny)

  • Race: Terran Terran
  • League: Grandmaster

MinChul (MC) - Winner!

  • Race: Protoss Protoss

Event: Homestory Cup XII

VOD

Have the link to the VOD?

Description

Time

  • Played on: Dec. 18, 2015, 7:26 a.m.
  • Length: 8:08

All games in this series

Show
View Real Time Build Order
Export as new Build Order

LiquidBunny Terran 

Build Orders: Cyclone Opening, Reaper Expand 

Get SALT Encoding   

  12  0:00  SCV  
  13  0:12  SCV  
  14  0:17  Supply Depot  
  14  0:25  SCV  
  15  0:39  SCV  
  15  0:41  Barracks  
  16  0:44  Refinery  
  16  0:51  SCV  
  17  1:03  SCV  
  18  1:15  SCV  
  19  1:28  Orbital Command  
  19  1:29  Reaper  
  20  1:39  Command Center  
  20  1:46  Refinery  
  20  1:54  SCV  
  21  2:04  Factory  
  21  2:06  SCV  
  22  2:12  Barracks Tech Lab  
  22  2:15  Supply Depot  
  22  2:18  SCV  
  24  2:37  SCV  
  24  2:49  SCV, Starport  
  25  2:55  Orbital Command  
  25  2:59  Cyclone, Marine  
  25  3:01  SCV  
  30  3:13  SCV  
  31  3:21  SCV  
  31  3:25  SCV  
  33  3:31  Cyclone  
  33  3:32  Supply Depot  
  33  3:33  SCV  
  36  3:37  SCV  
  36  3:48  Supply Depot  
  35  3:53  SCV x2  
  37  4:05  SCV  
  37  4:07  Starport Tech Lab  
  37  4:09  SCV  
  39  4:11  Command Center, Supply Depot  
  39  4:17  SCV  
  39  4:21  SCV  
  41  4:26  Cloaking Field  
  41  4:29  Banshee, SCV  
  45  4:33  SCV  
  45  4:36  Supply Depot  
  46  4:42  SCV  
  46  4:43  Supply Depot  
  47  4:45  SCV  
  47  4:50  Marine  
  49  4:54  SCV  
  49  4:58  SCV  
  51  5:06  SCV  
  49  5:08  Cyclone  
  49  5:12  Banshee, Engineering Bay  
  49  5:13  SCV  
  51  5:18  SCV  
  48  5:22  Marine  
  48  5:23  Orbital Command  
  48  5:25  SCV  
  50  5:30  SCV  
  49  5:37  SCV  
  49  5:40  Cyclone, Marine  
  49  5:42  SCV  
  55  5:49  SCV  
  55  5:54  SCV  
  55  5:58  Marine  
  55  5:59  SCV  
  55  6:02  SCV  
  56  6:06  SCV  
  56  6:09  Missile Turret  
  56  6:11  Missile Turret  
  52  6:12  SCV  
  52  6:14  SCV  
  52  6:15  Marine  
  55  6:18  SCV  
  55  6:22  Refinery  
  55  6:23  Refinery  
  55  6:24  SCV  
  57  6:26  SCV  
  57  6:30  SCV  
  57  6:31  Supply Depot  
  59  6:36  SCV  
  59  6:38  SCV  
  64  6:40  Barracks x3  
  64  6:42  Barracks  
  64  6:43  SCV  
  64  6:48  SCV  
  64  6:49  Barracks Reactor  
  64  6:51  SCV  
  60  6:54  Supply Depot, Engineering Bay  
  60  6:58  Starport Reactor  
  60  7:03  SCV, Orbital Command  
  60  7:04  SCV  
  60  7:06  Siege Tank  
  66  7:09  Missile Turret  
  66  7:11  Missile Turret  
  66  7:15  SCV  
  64  7:16  SCV  
  64  7:18  Missile Turret  
  65  7:27  SCV  
  65  7:28  SCV  
  67  7:30  Barracks Reactor, Barracks  
  67  7:31  Barracks Tech Lab, Barracks  
  67  7:32  Barracks Tech Lab  
  67  7:33  Marine x2  
  69  7:39  SCV  
  69  7:40  SCV  
  72  7:51  SCV  
Show
View Real Time Build Order
Export as new Build Order

MinChul Protoss - Winner!

Build Orders: 1 Gate Expand, Oracle Opening 

Get SALT Encoding   

  12  0:00  Probe (Chrono Boost)  
  13  0:11  Probe (Chrono Boost)  
  14  0:18  Pylon  
  14  0:22  Probe (Chrono Boost)  
  15  0:36  Probe (Chrono Boost)  
  15  0:37  Gateway  
  16  0:46  Assimilator  
  16  0:47  Probe (Chrono Boost)  
  17  0:57  Probe (Chrono Boost)  
  18  1:08  Probe (Chrono Boost)  
  19  1:19  Nexus  
  19  1:29  Cybernetics Core  
  19  1:33  Probe (Chrono Boost)  
  20  1:40  Assimilator  
  20  1:43  Probe (Chrono Boost)  
  21  1:49  Pylon  
  22  1:54  Probe (Chrono Boost)  
  22  2:05  Probe (Chrono Boost), Warp Gate  
  22  2:07  Adept  
  27  2:15  Mothership Core (Chrono Boost)  
  27  2:23  Pylon  
  27  2:34  Probe (Chrono Boost)  
  27  2:35  Adept (Chrono Boost)  
  29  2:44  Probe (Chrono Boost)  
  29  2:51  Stargate  
  30  2:57  Probe  
  30  2:58  Probe  
  32  3:00  Adept (Chrono Boost)  
  34  3:10  Pylon  
  34  3:14  Pylon  
  34  3:16  Pylon  
  34  3:19  Probe  
  33  3:21  Probe  
  37  3:27  Adept (Chrono Boost)  
  37  3:33  Probe  
  37  3:34  Probe  
  39  3:43  Oracle (Chrono Boost)  
  39  3:44  Probe  
  39  3:47  Probe  
  43  3:54  Probe  
  41  3:59  Probe  
  43  4:05  Probe  
  43  4:09  Pylon  
  44  4:11  Probe  
  44  4:15  Probe  
  44  4:16  Oracle (Chrono Boost)  
  48  4:23  Stalker, Probe  
  52  4:26  Probe  
  51  4:35  Probe  
  51  4:36  Probe  
  49  4:47  Probe x2, Phoenix (Chrono Boost)  
  49  4:49  Robotics Facility, Assimilator  
  53  4:54  Assimilator  
  53  4:56  Pylon  
  53  4:57  Probe  
  53  4:59  Probe  
  52  5:08  Probe  
  52  5:09  Phoenix (Chrono Boost)  
  52  5:11  Probe  
  56  5:18  Probe  
  57  5:23  Probe  
  58  5:29  Pylon  
  58  5:31  Gateway, Phoenix (Chrono Boost)  
  58  5:32  Gateway  
  61  5:35  Probe  
  61  5:37  Mothership Core  
  63  5:48  Probe  
  64  5:50  Phoenix (Chrono Boost)  
  64  5:52  Zealot  
  64  5:56  Observer (Chrono Boost)  
  69  5:58  Probe  
  69  6:00  Probe  
  67  6:10  Phoenix  
  67  6:11  Probe, Nexus  
  68  6:12  Probe, Pylon  
  68  6:14  Pylon  
  68  6:23  Probe  
  68  6:25  Pylon x2  
  71  6:26  Warp Prism (Chrono Boost)  
  71  6:28  Stalker  
  71  6:32  Phoenix  
  72  6:34  Adept x2  
  78  6:41  Probe  
  78  6:46  Probe  
  80  6:53  Probe  
  81  6:57  Observer (Chrono Boost)  
  81  6:58  Adept x3, Phoenix  
  88  7:05  Twilight Council  
  88  7:07  Pylon  
  91  7:16  Observer (Chrono Boost)  
  91  7:18  Probe x2  
  91  7:20  Pylon  
  93  7:23  Phoenix  
  93  7:24  Adept  
  93  7:25  Adept x2  
  101  7:30  Probe  
  102  7:45  Adept x3  
  102  7:47  Probe  
  102  7:49  Probe  
  111  8:04  Assimilator x2  
Tags
 
Add a new tag
Caveats
  • Supply blocks, unpowered buildings, or Contaminate may cause inaccurate times.
  • Supply counts are checked every 10 seconds.